 Dungeon Crawl Stone Soup version 0.29.1-1-gd02db69 (webtiles) character file.

Game seed: 11266744528422002904

14071 Jonnyslop the Severer (level 12, -2/110 HPs)
             Began as a Hill Orc Fighter on Nov 11, 2022.
             Was a High Priest of Beogh.
             Killed from afar by a raiju (9 damage)
             ... with a living lightning
             ... on level 3 of the Abyss on Nov 14, 2022.
             The game lasted 00:27:52 (15134 turns).

Jonnyslop the Severer (Hill Orc Fighter)           Turns: 15134, Time: 00:27:53

Health: -2/110     AC: 12    Str: 24    XL:     12   Next: 12%
Magic:  20/20      EV: 14    Int: 11    God:    Beogh [*****.]
Gold:   1254       SH:  5    Dex: 10    Spells: 11/11 levels left

rFire   . . .      SeeInvis +   u - +1 broad axe (venom)
rCold   . . .      Faith    .   c - +1 buckler
rNeg    . . .      Spirit   .   G - +0 swamp dragon scales
rPois   +          Reflect  .   r - +0 hat {Int+3}
rElec   .          Harm     .   b - +0 cloak
rCorr   .          Rampage  .   (no gloves)
Will    .....                   l - +0 pair of boots
Stlth   ..........              (no amulet)
HPRegen 0.28/turn               h - ring of see invisible
MPRegen 0.17/turn               k - +4 ring of evasion

@: studying 2 skills
A: walk on water
a: Renounce Religion, Smiting, Recall Orcish Followers, Give Item to Named
Follower


You were on level 3 of the Abyss.
You worshipped Beogh.
Beogh was extremely pleased with you.
You visited 2 branches of the dungeon, and saw 11 of its levels.
You visited the Abyss 1 time.
You also visited: Sewer and Gauntlet.

You collected 1254 gold pieces.

Inventory:

Hand Weapons
 a - a +0 war axe
 n - a +0 war axe
 p - a +5 battleaxe
 u - a +1 broad axe of venom (weapon)
Missiles
 o - 2 throwing nets (quivered)
 D - 2 curare-tipped darts
 E - 24 poisoned darts
 O - 2 atropa-tipped darts
Armour
 b - a +0 cloak (worn)
 c - a +1 buckler (worn)
 l - a +0 pair of boots (worn)
 r - a +0 hat of intelligence (worn)
 G - +0 swamp dragon scales (worn)
 P - a +0 cloak
Jewellery
 h - a ring of see invisible (left hand)
 k - a +4 ring of evasion (right hand)
 q - a ring of protection from fire
 t - a ring of positive energy
 C - a ring of resist corrosion
Wands
 s - a wand of polymorph (9)
 y - a wand of iceblast (16)
 B - a wand of mindburst (23)
 I - a wand of charming (9)
 K - a wand of digging (5)
 M - a wand of quicksilver (7)
 N - a wand of flame (3)
Scrolls
 d - 3 scrolls of enchant armour
 f - 4 scrolls of blinking
 i - 4 scrolls of amnesia
 m - a scroll of teleportation
 z - a scroll of poison
 Q - a scroll of identify
 R - a scroll of vulnerability {unknown}
Potions
 e - 2 potions of cancellation
 g - 5 potions of haste
 j - 4 potions of lignification
 v - 3 potions of attraction
 w - 3 potions of might
 x - 5 potions of curing
 A - a potion of brilliance {unknown}
 F - a potion of invisibility
 H - 2 potions of magic
 J - a potion of ambrosia {unknown}
 L - a potion of mutation


   Skills:
 + Level 11.3 Fighting
 * Level 16.4 Axes
 + Level 8.7 Armour
 - Level 3.2 Shields
 + Level 11.5 Invocations


You had 11 spell levels left.
You didn't know any spells.
Your spell library contained the following spells:

 Spells                   Type           Power      Damage    Failure   Level
 Confusing Touch          Hex            0%         N/A       90%         3
 Gell's Gravitas          Tloc           0%         N/A       90%         3
 Lesser Beckoning         Tloc           0%         N/A       90%         3
 Summon Guardian Golem    Hex/Summ       0%         N/A       90%         3
 Teleport Other           Tloc           0%         N/A       90%         3
 Cause Fear               Hex            0%         N/A       100%        4
 Yara's Violent Unravell  Hex/Tmut       0%         3d3       100%        5
 Dragon Form              Tmut           0%         N/A       100%        7
 Enfeeble                 Hex            0%         N/A       100%        7
 Orb of Destruction       Conj           0%         9d5       100%        7
 Spellforged Servitor     Conj/Summ      0%         N/A       100%        7
 Dragon's Call            Summ           0%         N/A       100%        9


Dungeon Overview and Level Annotations

Branches:
Dungeon (10/15)            Temple (0/1) D:5            Lair (1/5) D:10
  Sewer (visited)         Gauntlet (visited)
    Orc: D:9-12

Altars:
Ashenzari
Cheibriados
Elyvilon
Hepliaklqana
Kikubaaqudgha
Makhleb
Nemelex Xobeh
Okawaru
Sif Muna
Trog
Uskayaw
Vehumet
Wu Jian
Beogh

Shops:
D:4 *

Annotations:
Gauntlet 13 transporters, 2 runed translucent doors


Message History

The raiju bursts into living lightning!
The living lightning hits you!
The living lightning hits the raiju.
The raiju completely resists.
The raiju blinks!
You miss the raiju.
A demonic crawler comes into view.
The raiju bites you. The raiju shocks you!
The raiju bursts into living lightning!
The living lightning hits you!
The raiju blinks!
The raiju bursts into living lightning!
The living lightning hits the raiju.
The raiju completely resists.
The living lightning hits you!!
The raiju blinks!
You are too injured to fight recklessly!
You are too injured to fight recklessly!
You are too injured to fight recklessly!
You are too injured to fight recklessly!
Unknown command.
You are too injured to fight recklessly!
Unknown command.
You are too injured to fight recklessly!
You barely miss the raiju.
The demonic crawler gives a hideous shriek!
The demonic crawler shrieks in warning!
The raiju bites you but does no damage.
The raiju bursts into living lightning!
The living lightning hits you!
* * * LOW HITPOINT WARNING * * *
The raiju blinks!
The raiju bursts into living lightning!
The living lightning hits you!
* * * LOW HITPOINT WARNING * * *
The living lightning hits the raiju.
The raiju completely resists.
The raiju blinks!
You are too injured to fight recklessly!
You hit the raiju.
The raiju is poisoned.
The raiju is lightly wounded.
The raiju bites you but does no damage.
The raiju bursts into living lightning!
The living lightning hits the raiju.
The raiju completely resists.
The living lightning hits you!
You die...

##... .. .... .
##....###.## ##. .
..#.....##.##.. ...
####....#...#.. .♣..
#.#.....#.#.##.##....
...........#∩.#.#...♣
#......##h##.##.....
#....h....#..#.♣..
..##h..@.§##∩# .#...
#.......###.#.#..#.
.. ....§........∩....
... #####....##.###.
..# # #.........._...
. .........~.........
#..s......###... .
###..##..## ##. #..
..#


You could see a demonic crawler (catching breath) and 3 raiju.

Vanquished Creatures
  Gastronok (D:9)
  Josephine (D:10)
  An ogre mage (D:10)
  A two-headed ogre (D:9)
  An ugly thing (D:10)
  A deep elf pyromancer (D:6)
  2 cyclopes (D:10)
  An orange demon (D:8)
  Maggie (D:6)
  Psyche (D:8)
  Prince Ribbit (D:5)
  A shadow (D:10)
  A wyvern (D:10)
  4 yaks (D:10)
  Duvessa (D:4)
  2 black bears
  4 orc warriors
  3 ogres
  6 centaurs
  A lemure (D:8)
  A phantom (D:4)
  6 kobold brigands (Sewer)
  3 scorpions
  A bullfrog (Lair:1)
  A gnoll sergeant (D:8)
  4 necrophages
  11 wights
  Dowan (D:4)
  4 killer bees
  5 electric eels (D:10)
  2 vampire bats (D:4)
  A howler monkey (D:10)
  A jelly (D:5)
  8 hounds
  Crazy Yiuf (D:5)
  An iguana (D:6)
  Ijyb (D:5)
  2 orc wizards (D:9)
  Robin (D:4)
  4 gnolls
  4 river rats
  11 adders
  2 shadow imps (Gauntlet)
  2 white imps (D:7)
  An ufetubus (D:5)
  4 worms
  A dart slug (D:2)
  3 orcs
  15 ball pythons
  4 bat skeletons (D:4)
  A bat zombie (D:4)
  8 endoplasms
  2 giant cockroaches
  14 goblins
  9 hobgoblins
  4 jackals (D:1)
  4 quokkas
  5 bats (D:2)
  3 frilled lizards
  11 kobolds
  9 rats
  A spectral goblin (D:1)
212 creatures vanquished.

Vanquished Creatures (collateral kills)
  A stone giant (D:10)
  Amaemon (D:8)
  A deep elf archer (D:10)
  Pikel (D:8)
  A gargoyle (D:10)
  Joseph (D:10)
  4 komodo dragons
  A freezing wraith (D:10)
  4 wraiths (D:10)
  A wyvern (D:8)
  3 yaks (D:10)
  A steam dragon (D:9)
  An acid dragon (D:9)
  An orc warrior (D:9)
  2 centaurs (D:9)
  A lemure (D:8)
  A necrophage (D:7)
  A kobold brigand (D:8)
  A gnoll sergeant (D:9)
  10 wights
  3 killer bees
  3 electric eels
  A hound (D:6)
  2 orc priests
  A mummy (D:7)
  4 gnolls
  An ufetubus (D:7)
  3 orcs
  A kobold (D:8)
57 creatures vanquished.

Vanquished Creatures (others)
  10 orcs
  2 orc priests (D:7)
  4 orc wizards
  A gnoll (D:8)
  6 fungi
  5 plants (D:10)
28 creatures vanquished.

Grand Total: 297 creatures vanquished

Notes
Turn   | Place    | Note
-------+----------+-------------------------------------------
     0 | D:1      | Jonnyslop the Hill Orc Fighter began the quest for the Orb.
     0 | D:1      | Reached XP level 1. HP: 19/19 MP: 1/1
    77 | D:1      | Reached skill level 3 in Axes
   191 | D:1      | Reached XP level 2. HP: 6/27 MP: 2/2
   470 | D:1      | Found a faded altar of an unknown god.
   487 | D:1      | Prayed at the altar of an unknown god.
   487 | D:1      | Became a worshipper of Beogh the Brigand
   487 | D:1      | Reached * piety under Beogh
  1348 | D:2      | Reached skill level 4 in Axes
  1348 | D:2      | Reached XP level 3. HP: 33/33 MP: 3/3
  1501 | D:2      | Reached skill level 1 in Invocations
  2461 | D:3      | Reached XP level 4. HP: 39/40 MP: 5/5
  2587 | D:3      | Found a bloodstained altar of Trog.
  2587 | D:3      | Found an iron altar of Okawaru.
  3127 | D:4      | Noticed Robin
  3127 | D:4      | Noticed an ogre
  3229 | D:3      | Killed an ogre
  3229 | D:3      | Reached ** piety under Beogh
  3230 | D:3      | Reached skill level 5 in Axes
  3230 | D:3      | Reached XP level 5. HP: 15/47 MP: 5/7
  3458 | D:4      | Killed Robin
  3697 | D:4      | Noticed Duvessa
  3697 | D:4      | Noticed Dowan
  3711 | D:4      | Killed Duvessa
  3711 | D:4      | HP: 1/47 [poisoned by Dowan]
  3712 | D:4      | Reached skill level 5 in Fighting
  3712 | D:4      | Reached skill level 6 in Axes
  3712 | D:4      | Reached XP level 6. HP: 1/56 MP: 8/8
  3714 | D:4      | Killed Dowan
  4013 | D:4      | Found an ancient bone altar of Kikubaaqudgha.
  4038 | D:4      | Reached skill level 7 in Axes
  4038 | D:4      | Reached XP level 7. HP: 61/61 MP: 8/10
  4440 | D:4      | Found a burning altar of Makhleb.
  4917 | D:4      | Found Tykeet's Assorted Antiques.
  5222 | D:5      | Entered Level 5 of the Dungeon
  5363 | D:5      | Found a hide-covered altar of Uskayaw.
  5582 | D:5      | Found a hazy altar of Hepliaklqana.
  5606 | D:5      | Found a staircase to the Ecumenical Temple.
  5612 | D:5      | Reached skill level 8 in Axes
  5696 | D:5      | Noticed Prince Ribbit
  5706 | D:5      | Killed Prince Ribbit
  5707 | D:5      | Reached skill level 5 in Invocations
  5707 | D:5      | Reached XP level 8. HP: 57/71 MP: 10/12
  5818 | D:5      | Reached skill level 9 in Axes
  6080 | D:5      | Noticed Ijyb
  6091 | D:5      | Killed Ijyb
  6700 | D:5      | Found a runed translucent door.
  6701 | D:5      | Noticed Crazy Yiuf
  6708 | D:5      | Killed Crazy Yiuf
  6824 | D:6      | Reached skill level 10 in Axes
  6836 | D:6      | Noticed Maggie
  6849 | D:6      | Killed Maggie
  6850 | D:6      | Reached XP level 9. HP: 43/80 MP: 12/14
  7101 | D:6      | Noticed a deep elf pyromancer
  7118 | D:6      | Killed a deep elf pyromancer
  7119 | D:6      | Reached skill level 11 in Axes
  7308 | D:6      | Found a glowing drain.
  7310 | D:6      | Reached *** piety under Beogh
  7326 | Sewer    | Entered a sewer
  7679 | Sewer    | Reached skill level 5 in Armour
  7981 | D:6      | Found a radiant altar of Vehumet.
  7988 | D:6      | Reached skill level 12 in Axes
  8057 | D:6      | Identified a scroll of acquirement
  8057 | D:6      | Acquired 563 gold pieces
  8108 | D:6      | Reached **** piety under Beogh
  8370 | D:6      | Reached XP level 10. HP: 90/90 MP: 16/16
  8534 | D:7      | Gained Arbeogh as an ally
  9009 | D:7      | Found a broken altar of Ashenzari.
  9122 | D:7      | Found a snail-covered altar of Cheibriados.
  9295 | D:8      | Reached skill level 13 in Axes
  9419 | D:8      | Your ally Arbeogh died
  9763 | D:8      | Reached ***** piety under Beogh
 10363 | D:8      | Noticed Amaemon
 10364 | D:8      | Noticed an orange demon
 10376 | D:8      | Killed Amaemon
 10381 | D:8      | Killed an orange demon
 10651 | D:8      | Found a sparkling altar of Nemelex Xobeh.
 10652 | D:8      | Noticed Psyche
 10658 | D:8      | Killed Psyche
 10779 | D:8      | Noticed Pikel
 10787 | D:8      | Killed Pikel
 11044 | D:9      | Reached skill level 14 in Axes
 11166 | D:9      | Found a white marble altar of Elyvilon.
 11248 | D:9      | Noticed a two-headed ogre
 11254 | D:9      | Killed a two-headed ogre
 11255 | D:9      | Reached skill level 10 in Fighting
 11255 | D:9      | Reached XP level 11. HP: 49/99 MP: 18/18
 11505 | D:9      | Noticed Gastronok
 11518 | D:9      | Killed Gastronok
 11519 | D:9      | Reached skill level 10 in Invocations
 12071 | D:9      | Found a shimmering blue altar of Sif Muna.
 12087 | D:10     | Entered Level 10 of the Dungeon
 12144 | D:10     | Noticed Joseph
 12151 | D:10     | Killed Joseph
 12430 | D:10     | Noticed Josephine
 12443 | D:10     | Killed Josephine
 12444 | D:10     | Reached skill level 15 in Axes
 12762 | D:10     | Found a runed translucent door.
 12762 | D:10     | Noticed an ogre mage
 12763 | D:10     | Noticed a deep elf archer
 12764 | D:10     | Paralysed by an ogre mage for 4 turns
 12770 | D:10     | Killed an ogre mage
 12850 | D:10     | Gained Wargrak as an ally
 13094 | D:10     | Gained Zartorak as an ally
 13153 | D:10     | Found a staircase to the Lair.
 13305 | D:10     | Noticed a green ugly thing
 13314 | D:10     | Killed a green ugly thing
 13456 | D:10     | Identified the +1 rapier of the Apocalypse {holy, *Noise
                  | +Blink rC+ rN+}
 14093 | D:10     | Found an ornate altar of the Wu Jian Council.
 14174 | D:10     | Noticed a cyclops
 14178 | D:10     | Noticed a cyclops
 14184 | D:10     | Killed a deep elf archer
 14184 | D:10     | Noticed a stone giant
 14185 | D:10     | Killed a cyclops
 14186 | D:10     | Killed a cyclops
 14187 | D:10     | Reached skill level 16 in Axes
 14189 | D:10     | HP: 1/102 [stone giant (20)]
 14190 | D:10     | Reached XP level 12. HP: 1/110 MP: 16/20
 14191 | D:10     | Killed a stone giant
 14628 | Lair:1   | Entered Level 1 of the Lair of Beasts
 14664 | Lair:1   | Found a gate leading to a gauntlet.
 14783 | Gauntlet | Entered a Gauntlet
 14783 | Gauntlet | Found a transporter.
 14850 | Gauntlet | Found a transporter.
 14852 | Gauntlet | Found a transporter.
 14863 | Gauntlet | Found a transporter.
 14866 | Gauntlet | Found a transporter.
 14870 | Gauntlet | Noticed a reaper
 14874 | Gauntlet | Found a transporter.
 14894 | Gauntlet | Noticed a great orb of eyes
 14895 | Gauntlet | Found a transporter.
 14906 | Gauntlet | Found a transporter.
 14914 | Gauntlet | Found a runed translucent door.
 14917 | Gauntlet | Found a transporter.
 14936 | Gauntlet | Found a transporter.
 14950 | Gauntlet | Found a transporter.
 14950 | Gauntlet | Found a transporter.
 14992 | Gauntlet | Noticed a green death
 14994 | Gauntlet | Found a runed translucent door.
 14999 | Gauntlet | Found a transporter.
 15013 | Gauntlet | Found a transporter.
 15109 | Abyss:3  | Cast into level 3 of the Abyss (a wizard)
 15121 | Abyss:3  | Found a corrupted altar of Lugonu.
 15134 | Abyss:3  | Killed from afar by a raiju

Illustrated notes

Levels and vault maps discovered:
D:1:      nzn_arrival_crosshair, layout_basic, serial_forest,
          infiniplex_forest_end_2, infiniplex_forest_clump_small,
          infiniplex_forest_straight_3, infiniplex_forest_straight_5,
          dreamdust_ecumenical_altar_drowned_temple
D:2:      layout_basic
D:3:      layout_basic, grunt_temple_overflow_bloody_war, st_stairs_13
D:4:      layout_loops_corners, kennysheep_vampire_church, lemuel_round_altar,
          serial_shops, nicolae_shop_window_shopping, uniq_robin, uniq_duvessa
D:5:      minmay_inner_zag, layout_basic, mainiacjoe_overflow_small_starburst,
          mainiacjoe_overflow_catwalk, minmay_temple_entry_glass, st_stairs_13,
          dk_vineyard_3, uniq_crazy_yiuf_cottage, uniq_ijyb, uniq_prince_ribbit1
D:6:      layout_rooms, vehumet_crystals, portal_sewer_entry_b, st_stairs_5,
          kennysheep_diamond, guppyfry_early_elven_hall, uniq_maggie
D:7:      layout_basic, slow_altar_1, kennysheep_little_box, nicolae_titane
D:8:      layout_basic, mainiacjoe_overflow_24_doors, uniq_psyche, uniq_amaemon,
          uniq_pikel
D:9:      layout_rooms, lemuel_blue_sif_altar,
          mainiacjoe_overflow_cross_hatched, uniq_gastronok
D:10:     cheibrodos_two_vegetables, layout_loops_ring,
          nzn_wu_jian_council_hall, lair_entry_dummy, minmay_misc_feat_rugged,
          minivault_13, uniq_josephine, uniq_joseph
Lair:1:   layout_cave_pods, gauntlet_entry_generic,
          gammafunk_ghost_berserking_beasts, hangedman_tree_tricks,
          cheibrodos_lair_lostbears
Abyss:3:  base:
D:3
Gauntlet: minmay_gauntlet_77_tree [minmay_gauntlet_arena_77_tiled_triplets,
          minmay_gauntlet_arena_77_hold_the_fort,
          minmay_gauntlet_arena_77_two_paths, minmay_gauntlet_arena_77_mess,
          minmay_gauntlet_arena_77_cramped, minmay_gauntlet_arena_77_braids,
          minmay_gauntlet_arena_77_fan, dreamdust_gauntlet_exit_labyrinth]

Skill      XL: |  1  2  3  4  5  6  7  8  9 10 11 |
---------------+----------------------------------+-----
Axes           | 3 4 5 6 7 8 10 12 14 16 | 16.4
Fighting       | 4 5 6 7 8 10 11 | 11.3
Invocations    | 1 2 3 4 5 7 8 9 11 | 11.5
Armour         | 4 5 7 8 |  8.7
Shields        | |  3.2

Action                   |  1- 3 |  4- 6 |  7- 9 | 10-12 || total
-------------------------+-------+-------+-------+-------++-------
Melee: War axe           |   107 |    97 |   135 |       ||   339
       Broad axe         |       |       |   149 |   253 ||   402
Throw: Dart              |       |       |       |     2 ||     2
Invok: Smiting           |       |       |       |     4 ||     4
  Use: Scroll            |     7 |     4 |     9 |     7 ||    27
       Potion            |       |     3 |     1 |     4 ||     8
Armor: Scale mail        |    44 |    52 |    33 |       ||   129
       Chain mail        |       |       |    60 |     1 ||    61
       Swamp dragon scal |       |       |       |    63 ||    63
       Skin              |       |       |       |    17 ||    17
Dodge: Dodged            |    72 |    90 |   140 |   157 ||   459
Block: Buckler           |    30 |    26 |    80 |    53 ||   189
